 Dungeon Crawl Stone Soup version 0.30-a0-4-ga7cffc901d (webtiles) character file.

Game seed: 8089739252894572219

65 Setbun the Sneak (level 4, -2/25 HPs)
             Began as a Kobold Enchanter on Aug 20, 2022.
             Slain by Crazy Yiuf
             ... wielding a +3 quarterstaff of chaos
              (16 damage)
             ... on level 2 of the Dungeon.
             The game lasted 00:01:36 (3236 turns).

Setbun the Sneak (Kobold Enchanter)                 Turns: 3236, Time: 00:01:37

Health: -2/25      AC:  3    Str:  5    XL:     4   Next: 35%
Magic:  0/7        EV: 15    Int: 16    God:
Gold:   27         SH:  0    Dex: 17    Spells: 6/8 levels left

rFire   . . .      SeeInvis .    a - +1 dagger
rCold   . . .      Faith    .    (no shield)
rNeg    . . .      Spirit   .    b - +0 robe
rPois   .          Reflect  .    g - +0 helmet
rElec   .          Harm     .    (no cloak)
rCorr   .          Rampage  .    (no gloves)
Will    .....                    (no boots)
Stlth   ++++......               (no amulet)
HPRegen 0.08/turn                (no ring)
MPRegen 0.10/turn                (no ring)

@: very slightly contaminated
A: small, no large weapons, nightstalker 3
a: no special abilities


You were on level 2 of the Dungeon.
You visited 1 branch of the dungeon, and saw 2 of its levels.

You collected 27 gold pieces.

Inventory:

Hand Weapons
 a - a +1 dagger (weapon)
Armour
 b - a +0 robe (worn)
 g - a +0 helmet (worn)
Wands
 o - a wand of paralysis (2)
 t - a wand of flame (9)
Scrolls
 e - a scroll of identify {unknown}
 f - a scroll of noise {unknown}
 i - a scroll of poison {unknown}
 l - a scroll of fog {unknown}
 m - a scroll of enchant armour {unknown}
 r - a scroll of vulnerability {unknown}
 s - a scroll of magic mapping {unknown}
Potions
 c - 2 potions of invisibility
 d - a potion of degeneration {unknown}
 h - 2 potions of flight {unknown}
 j - 5 potions of curing {unknown}
 k - 2 potions of haste {unknown}
 n - a potion of berserk rage {unknown}
 p - a potion of attraction {unknown}
 q - a potion of lignification {unknown}


   Skills:
 + Level 1.1 Fighting
 * Level 3.1 Short Blades
 + Level 2.9 Dodging
 + Level 4.4 Stealth
 + Level 2.6 Spellcasting
 + Level 3.3 Hexes


You had 6 spell levels left.
You knew the following spells:

 Your Spells              Type           Power      Damage    Failure   Level
a - Ensorcelled Hibernat  Hex/Ice        14%        N/A       16%         2

Your spell library contained the following spells:

 Spells                   Type           Power      Damage    Failure   Level
 Confusing Touch          Hex            12%        N/A       16%         3
 Tukima's Dance           Hex            12%        N/A       16%         3
 Dazzling Flash           Conj/Hex       14%        N/A       30%         3
 Inner Flame              Hex/Fire       7%         N/A       30%         3
 Cause Fear               Hex            6%         N/A       45%         4
 Frozen Ramparts          Ice            4%         1d1       52%         3
 Ice Form                 Ice/Tmut       2%         N/A       89%         4
 Summon Ice Beast         Ice/Summ       2%         N/A       89%         4
 Discord                  Hex            6%         N/A       100%        8


Dungeon Overview and Level Annotations

Branches:
Dungeon (2/15)

Altars:

Annotations:
D:2 Crazy Yiuf


Innate Abilities, Weirdness & Mutations

You are small and have problems with some larger weapons.
You are completely attuned to the shadows.


Message History

Aiming: Ensorcelled Hibernation (safe; 16% risk of failure)
Press: ? - help, Shift-Dir - straight line, f/p - Crazy Yiuf
Aim: Crazy Yiuf, wielding a +3 quarterstaff of chaos and wearing a +0 cloak (chance to affect: 50%) Crazy Yiuf resists with some effort.
Crazy Yiuf completely misses you.
You hit Crazy Yiuf.
Crazy Yiuf is lightly wounded.
Crazy Yiuf misses you.
You barely miss Crazy Yiuf.
Crazy Yiuf is lightly wounded.
Crazy Yiuf closely misses you.
You barely miss Crazy Yiuf.
Crazy Yiuf is lightly wounded.
Crazy Yiuf barely misses you.
You hit Crazy Yiuf.
Crazy Yiuf is lightly wounded.
Crazy Yiuf hits you with a +3 quarterstaff of chaos!
Crazy Yiuf burns you.
You hit Crazy Yiuf but do no damage.
Crazy Yiuf is lightly wounded.
Casting: Ensorcelled Hibernation (safe; 16% risk of failure)
Confirm with . or Enter, or press ? or * to list all spells.
You don't have enough magic to cast this spell.
Unknown command.
Unknown command.
Unknown command.
Crazy Yiuf attacks as you move away! Crazy Yiuf barely misses you.
Crazy Yiuf screams, "Tonal!
Whippet high Hive."
Crazy Yiuf says, "Buddy horse canine!"
Casting: Ensorcelled Hibernation (safe; 16% risk of failure)
Confirm with . or Enter, or press ? or * to list all spells.
Aiming: Ensorcelled Hibernation (safe; 16% risk of failure)
Press: ? - help, Shift-Dir - straight line, f/p - Crazy Yiuf
Aim: Crazy Yiuf, wielding a +3 quarterstaff of chaos and wearing a +0 cloak (lightly wounded, chance to affect: 50%)
You miscast Ensorcelled Hibernation.
You are very lightly contaminated with residual magic.
Nothing appears to happen.
Crazy Yiuf closely misses you. Crazy Yiuf attacks as you move away!
Crazy Yiuf hits you with a +3 quarterstaff of chaos!
Ouch! That really hurt!
You die...

........# #)..# #.#.# #......
........# #...# #...###.##.##
........# ... #....##.##.##
........### #'# #....##.##.##
.#'##.....# #.## #.....#.##.##
.#.##.....# ##.# #...#.#.##.##
.#.##.....# #.## #...#...#..##
.#.##.....# ##g# #...###.#.###
.#.##.....# ##@## #.#..........
.#.##.....# ##...# #.#.......###
.#.##.....# #....# #.##.##>....#
.#.##.....# #....# #.##.##.#.#.#
##.######## #....###.##.##.#.#.#
##.###########...#.....#.##.#....
##...............#.#####.##.###.#
'................................
##################.#####.##.#....


You could see Crazy Yiuf.

Vanquished Creatures
  Robin (D:2)
  An adder (D:2)
  A worm (D:2)
  3 bats (D:1)
  3 endoplasms (D:1)
  6 hobgoblins
  7 jackals
  3 quokkas
  5 ball pythons
  4 goblins
  A kobold (D:1)
  A rat (D:1)
36 creatures vanquished.

Notes
Turn   | Place    | Note
-------+----------+-------------------------------------------
     0 | D:1      | Setbun the Kobold Enchanter began the quest for the Orb.
     0 | D:1      | Reached XP level 1. HP: 10/10 MP: 3/3
   337 | D:1      | Reached XP level 2. HP: 16/16 MP: 5/5
   406 | D:1      | Learned a level 2 spell: Ensorcelled Hibernation
   700 | D:1      | Found a faded altar of an unknown god.
   761 | D:1      | Reached XP level 3. HP: 13/20 MP: 6/6
  2581 | D:2      | Reached skill level 1 in Fighting
  2751 | D:2      | Found a runed translucent door.
  2754 | D:2      | Noticed Crazy Yiuf
  3035 | D:2      | Noticed Robin
  3038 | D:2      | Reached XP level 4. HP: 25/25 MP: 7/7
  3044 | D:2      | Killed Robin
  3236 | D:2      | Slain by Crazy Yiuf

Illustrated notes

Levels and vault maps discovered:
D:1:      psy_arrival_radial01, layout_loops_ring,
          shapermc_ecumenical_altar_mp_ritualfount, minmay_misc_feat_rows,
          st_stairs_9
D:2:      layout_basic, ebering_dispersal_statue_hall, minmay_misc_feat_plants,
          uniq_robin, uniq_crazy_yiuf_cottage

Skill      XL: |  1  2  3  4 |
---------------+-------------+-----
Short Blades   | 2 3 |  3.1
Fighting       | 1 |  1.1
Dodging        | |  2.9
Stealth        | |  4.4
Spellcasting   | |  2.6
Hexes          | |  3.3

Action                   |  1- 3 |  4- 6 || total
-------------------------+-------+-------++-------
Melee: Dagger            |    99 |    21 ||   120
 Cast: Ensorcelled Hiber |     4 |     4 ||     8
 Stab: Sleeping          |    16 |     1 ||    17
Armor: Robe              |    18 |     1 ||    19
Dodge: Dodged            |    82 |    13 ||    95

Table legend: (Time is in decaauts)
 A = Elapsed time spent in this place.
 B = Non-inter-level travel time spent in this place.
 C = Inter-level travel time spent in this place.
 D = Time resting spent in this place.
 E = Time spent auto-exploring this place.
 F = Levels seen in this place.
 G = Mean time per level.
                   A        B        C        D        E       F      G
               +--------+--------+--------+--------+--------+-----+--------+
         Total |   3220 |   3163 |     57 |    287 |   2598 |   2 | 1610.0 |
       Dungeon |   3220 |   3163 |     57 |    287 |   2598 |   2 | 1610.0 |
               +--------+--------+--------+--------+--------+-----+--------+

Top non-repeatable levels by time:
     D:2: 1857 daAuts
     D:1: 1363 daAuts
